 Dungeon Crawl Stone Soup version 0.20-a0-1114-g33edf32 (webtiles) character file.

8805 Duffy the Cleaver (level 11, -15/91 HPs)
             Began as a Ghoul Fighter on May 7, 2017.
             Was an Elder of Cheibriados.
             Demolished by an orc knight
             ... wielding a +0 war axe
              (21 damage)
             ... on level 10 of the Dungeon.
             The game lasted 00:17:33 (11979 turns).

Duffy the Cleaver (Ghoul Fighter)                  Turns: 11979, Time: 00:17:34

Health: -15/91     AC: 18    Str: 34    XL:     11   Next: 36%
Magic:  13/13      EV:  7    Int: 13    God:    Cheibriados [****..]
Gold:   605        SH: 15    Dex: 18    Spells: 10/10 levels left

rFire    . . .     SeeInvis .   a - +1 war axe
rCold    + . .     Gourm    .   c - +0 shield
rNeg     + + +     Faith    .   s - +2 chain mail {MR+}
rPois    ∞         Spirit   .   j - +0 helmet
rElec    .         Reflect  +   x - +2 cloak {MR+}
rCorr    .         Harm     .   o - +0 pair of gloves
MR       ++...                  (no boots)
Stlth    ..........             A - +2 amulet of reflection
Regen    0.0/turn               (no ring)
MPRegen  0.2/turn               (no ring)

@: rotting, very slow
A: rotting body, claws 1, carnivore 3, cold resistance 1, negative energy
resistance 3, inhibited regeneration, torment resistance, unbreathing
a: Bend Time, Temporal Distortion, Slouch, Renounce Religion


You were on level 10 of the Dungeon.
You worshipped Cheibriados.
Cheibriados was greatly pleased with you.
You were not hungry.

You visited 2 branches of the dungeon, and saw 11 of its levels.
You also visited: Ossuary.

You collected 855 gold pieces.
You spent 250 gold pieces at shops.

Inventory:

Hand Weapons
 a - a +1 war axe (weapon)
 b - the +2 trident "Tozaah" {pierce, Str+4 Dex+5}
   (You found it on level 4 of the Dungeon)

   It inflicts extra damage upon your enemies.
   It affects your strength (+4).
   It affects your dexterity (+5).
Missiles
 v - 5 poisoned javelins (quivered)
Armour
 c - a +0 shield (worn)
 j - a +0 helmet (worn)
 o - a +0 pair of gloves (worn)
 s - a +2 chain mail of magic resistance (worn)
 x - a +2 cloak of magic resistance (worn)
Jewellery
 A - a +2 amulet of reflection (around neck)
Wands
 k - a wand of clouds (4/9)
 y - a wand of flame (8/48)
 D - a wand of flame (16/48)
Scrolls
 e - a scroll of remove curse
 g - 2 scrolls of recharging
 i - a scroll of blinking
 l - 2 scrolls of magic mapping
 n - 2 scrolls of fog
 p - a scroll of silence
 r - a scroll of fear
 t - a scroll of enchant armour
 B - 3 scrolls of enchant weapon
Potions
 m - 3 potions of mutation
 q - 2 potions of heal wounds
 u - 3 potions of flight
 z - 4 potions of curing
 C - a potion of agility
 E - a potion of cancellation
Miscellaneous
 w - a sack of spiders
Comestibles
 d - a chunk of flesh
 f - 3 meat rations
 h - 3 royal jellies


   Skills:
 + Level 6.9 Fighting
 + Level 10.4 Axes
 - Level 7.7 Armour
 - Level 7.8 Shields
 + Level 5.0 Invocations


You had 10 spell levels left.
You didn't know any spells.

Dungeon Overview and Level Annotations

Branches:
Dungeon (10/15)            Temple (1/1) D:5            Lair (0/6) D:9
    Orc (0/2) D:10

Altars:
Ashenzari
Cheibriados
Dithmenos
Elyvilon
Fedhas
Gozag
Hepliaklqana
Kikubaaqudgha
Makhleb
Nemelex Xobeh
Okawaru
Qazlal
Ru
Sif Muna
Trog
Uskayaw
Vehumet
Wu Jian
Xom
Yredelemnul
Zin
The Shining One

Shops:
D:10 [*


Innate Abilities, Weirdness & Mutations

Your body is rotting away.
You thrive on raw meat.
You are immune to poison.
You have sharp fingernails.
You are carnivorous and can eat meat at any time.
Your flesh is cold resistant. (rC+)
You are immune to negative energy. (rN+++)
You do not regenerate when monsters are visible.
You are immune to unholy pain and torment.
You can survive without breathing.


Message History

You hit the orc knight.
The orc knight is severely wounded.
You closely miss the orc knight.
The orc knight is severely wounded.
The orc knight hits you with a war axe!
You hit the orc knight but do no damage.
The orc knight is severely wounded.
The orc knight hits you with a war axe!
You slash the orc knight!
The orc knight is almost dead.
The orc knight hits you with a war axe!
You slash the orc knight!
The orc knight is almost dead.
You block the orc knight's attack.
You feel much better.
The orc knight hits you with a war axe!!
You hit the orc knight but do no damage.
The orc knight is almost dead.
The orc knight hits you with a war axe!!
You die...

#.........# #..#########.##
#.........# #.## #####...
#.........# ### ####.......
...#...\...#########..........
###.# #...............#........~.
....# #...>...#######............
##.####........# ##..........~
...............##### #......~~0~~
.....)........>o@..###..~~~~~~0~~
....[..................~~~~~~~~~~
..)()..............####~~~~~~~~00
....(..............# #.~~~~~~~~~
..................?# #...~~~~~~~
.................... ......~
...................## .......
..........########## .......
###########


You could see an orc knight.

Vanquished Creatures
  An ugly thing (D:9)
  A cyclops (D:10)
  Joseph (D:7)
  Maurice (D:7)
  A merfolk (D:8)
  A troll (D:10)
  A hippogriff (D:8)
  9 yaks
  2 hungry ghosts
  A soldier ant (D:5)
  Duvessa (D:7)
  4 porcupines
  An ice beast (D:7)
  6 orc warriors
  3 sky beasts
  A black bear (D:9)
  An eye of draining (D:10)
  A phantom (D:4)
  4 ogres
  4 centaurs
  2 crocodiles
  3 big kobolds
  5 bullfrogs
  Dowan (D:7)
  5 scorpions
  3 wights (D:8)
  5 howler monkeys
  A crimson imp (D:8)
  A bullfrog zombie (D:10)
  Crazy Yiuf (D:2)
  A jelly (D:6)
  4 hounds
  A bullfrog skeleton (D:5)
  4 centaur skeletons
  A gnoll shaman (D:4)
  6 orc wizards
  4 iguanas
  7 worker ants
  A big kobold zombie (Ossuary)
  8 mummies (Ossuary)
  A hound skeleton (D:5)
  3 gnolls
  8 adders
  5 shadow imps
  4 oozes
  An adder zombie (D:8)
  5 worms
  An adder skeleton (D:6)
  3 dart slugs
  4 leopard geckos
  29 orcs
  8 bats
  5 giant cockroaches
  7 goblins
  9 hobgoblins
  21 jackals
  17 kobolds
  6 quokkas
  3 ball pythons
  7 frilled lizards
  2 gnoll zombies (Ossuary)
  A hobgoblin zombie (Ossuary)
  2 kobold zombies (Ossuary)
  2 orc zombies (Ossuary)
  6 rats
269 creatures vanquished.

Vanquished Creatures (others)
  17 fungi (D:9)
  A plant (D:9)
18 creatures vanquished.

Grand Total: 287 creatures vanquished

Notes
Turn   | Place    | Note
-------+----------+-------------------------------------------
     0 | D:1      | Duffy the Ghoul Fighter began the quest for the Orb.
     0 | D:1      | Reached XP level 1. HP: 19/19 MP: 0/0
    42 | D:1      | Reached skill level 2 in Axes
   247 | D:1      | Reached XP level 2. HP: 26/26 MP: 1/1
   495 | D:1      | Reached skill level 3 in Axes
   540 | D:1      | Reached XP level 3. HP: 26/31 MP: 2/2
  1632 | D:2      | Found a runed door.
  1638 | D:2      | Noticed Crazy Yiuf
  1646 | D:2      | Killed Crazy Yiuf
  1646 | D:2      | Reached skill level 4 in Axes
  1646 | D:2      | Reached XP level 4. HP: 38/38 MP: 3/3
  2126 | D:2      | Reached XP level 5. HP: 33/45 MP: 4/4
  2608 | D:3      | Reached skill level 5 in Axes
  3270 | D:4      | Reached XP level 6. HP: 49/51 MP: 5/5
  3380 | D:4      | Got an ivory trident
  3381 | D:4      | Identified the +2 trident "Tozaah" {pierce, Str+4 Dex+5} (You found it on level 4 of the Dungeon)
  3729 | D:4      | Noticed an orc warrior
  3869 | D:3      | Reached skill level 6 in Axes
  3869 | D:3      | Reached XP level 7. HP: 54/57 MP: 6/6
  4596 | D:5      | Entered Level 5 of the Dungeon
  4855 | D:5      | Found a sand-covered staircase.
  4864 | Ossuary  | Entered an ossuary
  5556 | D:4      | Reached XP level 8. HP: 40/57 MP: 7/7
  5670 | D:5      | Found a staircase to the Ecumenical Temple.
  5680 | Temple   | Entered the Ecumenical Temple
  5855 | Temple   | Became a worshipper of Cheibriados the Contemplative
  6704 | D:6      | Reached skill level 7 in Axes
  6704 | D:6      | Reached skill level 5 in Shields
  6711 | D:6      | Reached skill level 5 in Armour
  7325 | D:6      | Reached * piety under Cheibriados
  7471 | D:6      | Reached XP level 9. HP: 62/70 MP: 8/8
  7752 | D:7      | Noticed Joseph
  7757 | D:7      | Noticed Duvessa
  7757 | D:7      | Noticed Dowan
  7767 | D:7      | Killed Joseph
  7768 | D:7      | Killed Duvessa
  7768 | D:7      | Reached skill level 8 in Axes
  7774 | D:7      | Killed Dowan
  9021 | D:8      | Reached ** piety under Cheibriados
  9030 | D:8      | Noticed Maurice
  9328 | D:8      | Noticed a two-headed ogre
  9332 | D:8      | Noticed a merfolk
  9332 | D:8      | a two-headed ogre changed into a merfolk
  9357 | D:8      | Killed a merfolk
  9357 | D:8      | Reached XP level 10. HP: 33/77 MP: 9/9
  9873 | D:7      | Killed Maurice
  9873 | D:7      | Reached skill level 9 in Axes
 10184 | D:9      | Found a basalt altar of Yredelemnul.
 10194 | D:9      | Found a staircase to the Lair.
 10440 | D:9      | Reached *** piety under Cheibriados
 10619 | D:9      | Found a shattered altar of Ashenzari.
 10628 | D:9      | Reached skill level 1 in Invocations
 10997 | D:9      | Reached skill level 5 in Fighting
 11112 | D:9      | Reached **** piety under Cheibriados
 11186 | D:9      | Noticed a cyan ugly thing
 11213 | D:9      | Killed a cyan ugly thing
 11213 | D:9      | Reached skill level 10 in Axes
 11414 | D:10     | Entered Level 10 of the Dungeon
 11488 | D:10     | Noticed a cyclops
 11518 | D:10     | Killed a cyclops
 11518 | D:10     | Reached XP level 11. HP: 89/89 MP: 12/12
 11562 | D:10     | Found a staircase to the Orcish Mines.
 11562 | D:10     | Found Syof's Armour Emporium.
 11775 | D:10     | Reached skill level 5 in Invocations
 11842 | D:10     | Found Onotefec's Assorted Antiques.
 11879 | D:10     | Bought a scroll labeled AMEXIU WIEFE for 23 gold pieces
 11879 | D:10     | Bought a fuming purple potion for 20 gold pieces
 11879 | D:10     | Bought a scroll of identify for 46 gold pieces
 11879 | D:10     | Bought a scroll of identify for 46 gold pieces
 11882 | D:10     | Bought a blackened emerald amulet for 115 gold pieces
 11954 | D:10     | Noticed an orc knight
 11976 | D:10     | HP: 3/91 [orc knight/war axe (11)]
 11979 | D:10     | Demolished by an orc knight

Vault maps used:
D:1:      dpeg_arrival_pits, minmay_misc_feat_encased
D:2:      uniq_crazy_yiuf_cottage
D:4:      st_stairs_6, serial_bayou_lagoon_a, grunt_ministairs_2
D:5:      minmay_temple_entry_grid, first_bread, nicolae_ossuary_entry_ruins
D:6:      minmay_misc_feat_square
D:7:      uniq_joseph, uniq_duvessa
D:8:      blue_anna_alchemist, uniq_maurice
D:9:      kennysheep_mini, due_lair_maze_entry_diamond,
          small_chamber_with_monster, yredelemnul_altar_generic
D:10:     orc_david_3, serial_shops, nicolae_shop_window_shopping,
          lemuel_old_faithful
Temple:   kilobyte_greek_temple
Ossuary:  ossuary_tomb_3

Skill      XL: |  1  2  3  4  5  6  7  8  9 10 11 |
---------------+----------------------------------+-----
Axes           | 2 3 4 5 6 7 8 10 | 10.4
Armour         | 3 4 5 7 |  7.7
Shields        | 3 4 5 7 |  7.8
Fighting       | 5 6 |  6.9
Invocations    | 3 5 |  5.0

Action                   |  1- 3 |  4- 6 |  7- 9 | 10-12 || total
-------------------------+-------+-------+-------+-------++-------
Melee: War axe           |   146 |   287 |   467 |   333 ||  1233
Throw: Javelin           |     3 |       |     9 |       ||    12
Evoke: Wand              |       |       |     8 |     4 ||    12
  Use: Scroll            |       |     5 |    13 |    10 ||    28
       Potion            |       |       |     3 |     5 ||     8
  Eat: Chunk             |     9 |    24 |    31 |    13 ||    77
Armor: Scale mail        |    66 |    94 |       |       ||   160
       Plate armour      |       |    70 |    25 |       ||    95
       Chain mail        |       |       |   228 |   144 ||   372
Dodge: Dodged            |    56 |    72 |    68 |    69 ||   265
Block: Shield            |    79 |   125 |   214 |   217 ||   635
